AoeStats
← baush

Arena

506600804Analyzed
4v4 RM · 20d ago on Sep 14, 2026· 50m 1s· 8 players
Game mode
Random Map
Map size
Large (8 player)
Population
200
Speed
Normal
Resources
Standard
Victory
Conquest
Starting age
Dark Age
Ending age
Imperial Age
RankedLock teamsTeams togetherTeam positionsShared explorationLock speedFull tech treeHidden civsTurbo modeCheats
Victory
Defeat
🇨🇳 Persians · China
829
+11
🇷🇴 Franks · Romania
737
+14
🇺🇸 Burmese · United States
732
+14
🇫🇷 Sicilians · France
522
+23
🇺🇸 Vikings · United States
749
-18
🇨🇳 Mongols · China
705
-16
🇨🇳 Ethiopians · China
693
-15
🇨🇳 Huns · China
635
-13
无名之辈2
12:39 Feudal Age
16:17 Castle Age
14:13 Double-Bit Axe
17:38 Horse Collar
19:06 Gold Mining
29:24 Imperial Age
27:23 Bow Saw
28:11 Wheelbarrow
28:34 Heavy Plow
29:13 Hand Cart
30:43 Conscription
31:30 Two-Man Saw
30:06 Halberdier
31:36 Gold Shaft Mining
30:57 Crossbowman
31:42 Thumb Ring
31:31 Fletching
32:03 Heated Shot
33:33 Chemistry
33:43 Siege Engineers
33:58 Arbalester
36:08 Padded Archer Armor
36:03 Bodkin Arrow
37:31 Bracer
37:47 Leather Archer Armor
39:15 Light Cavalry
39:56 Husbandry
40:01 Elite Skirmisher
41:30 Hussar
43:37 Heavy Camel Rider
45:57 Ring Archer Armor
45:33 Scale Barding Armor
47:32 Cavalier
石头哥
10:44 Feudal Age
12:33 Double-Bit Axe
17:39 Castle Age
16:48 Stone Mining
20:58 Bow Saw
23:58 Horse Collar
24:43 Gold Mining
29:10 Forging
29:06 Scale Barding Armor
29:50 Ballistics
33:38 Imperial Age
32:46 Masonry
34:17 Bloodlines
34:08 Husbandry
36:30 Elite Mangudai
parkmihan
10:29 Feudal Age
10:59 Double-Bit Axe
21:05 Castle Age
19:27 Gold Mining
19:53 Stone Mining
21:59 Bow Saw
33:27 Imperial Age
31:19 Crossbowman
32:41 Gold Shaft Mining
32:21 Pikeman
33:02 Squires
32:49 Crossbowman
33:20 Elite Skirmisher
34:40 Arbalester
bluetiger74
0:36 Loom
14:33 Feudal Age
15:00 Town Watch
15:08 Stone Mining
15:06 Double-Bit Axe
15:04 Horse Collar
15:51 Gold Mining
17:33 Wheelbarrow
23:39 Castle Age
23:43 Elite Skirmisher
23:45 Pikeman
24:36 Heavy Plow
24:48 Bow Saw
25:17 Gold Shaft Mining
27:55 Masonry
30:23 Murder Holes
30:49 Ballistics
35:15 Imperial Age
33:27 Marauders
34:15 Husbandry
36:29 Atheism
35:34 Cavalier
B3rtox
12:21 Feudal Age
14:04 Wheelbarrow
19:54 Castle Age
20:50 Hand Cart
23:27 Murder Holes
28:28 Ballistics
31:46 Imperial Age
33:03 Conscription
33:10 First Crusade
35:38 Chemistry
35:41 Forging
35:34 Scale Mail Armor
36:01 Arrowslits
39:19 Onager
44:14 Elite Skirmisher
47:28 Man-at-Arms
48:08 Squires
47:55 Gambesons
47:56 Arson
48:55 Gold Mining
48:56 Stone Mining
49:59 Long Swordsman
baush
10:13 Feudal Age
10:41 Double-Bit Axe
10:38 Horse Collar
17:04 Castle Age
18:10 Bow Saw
18:03 Heavy Plow
23:28 Forging
23:23 Scale Barding Armor
24:02 Stone Mining
27:32 Husbandry
27:42 Bloodlines
26:53 Light Cavalry
27:55 Caravan
29:30 Wheelbarrow
29:41 Ballistics
33:07 Imperial Age
30:56 Hand Cart
30:27 Town Watch
30:28 Loom
32:11 Gold Mining
33:02 Stone Shaft Mining
32:44 Town Patrol
34:30 Two-Man Saw
34:03 Crop Rotation
33:59 Conscription
33:52 Citadels
33:51 Elite War Elephant
35:23 Iron Casting
35:09 Chain Barding Armor
37:23 Blast Furnace
38:55 Hussar
43:22 Plate Barding Armor
48:54 Cavalier
50:16 Gold Shaft Mining
BasicOrc4106
0:37 Loom
2:34 Loom
13:05 Feudal Age
15:27 Gold Mining
18:57 Castle Age
17:00 Horse Collar
18:43 Wheelbarrow
17:56 Town Watch
19:00 Stone Mining
21:28 Gold Shaft Mining
23:23 Heavy Plow
26:21 Hand Cart
28:26 Fortified Wall
28:59 Herbal Medicine
32:50 Imperial Age
30:58 Bloodlines
30:49 Husbandry
31:04 Husbandry
32:10 Padded Archer Armor
32:01 Fletching
33:09 Caravan
33:55 Conscription
34:25 Parthian Tactics
33:59 Bodkin Arrow
35:21 Ballistics
36:05 Chemistry
34:46 Treadmill Crane
36:41 Crop Rotation
35:53 Elite Arambai
38:18 Bracer
38:48 Murder Holes
40:58 Murder Holes
41:14 Masonry
42:39 Crop Rotation
42:27 Town Patrol
43:02 Architecture
49:00 Howdah
roLynxLynx
10:36 Feudal Age
10:41 Loom
11:35 Double-Bit Axe
18:55 Castle Age
20:39 Fletching
20:49 Padded Archer Armor
22:44 Wheelbarrow
22:43 Bow Saw
29:53 Imperial Age
28:10 Husbandry
29:26 Forging
29:16 Scale Mail Armor
29:21 Scale Barding Armor
31:52 Murder Holes
32:07 Masonry
33:06 Conscription
33:50 Iron Casting
33:35 Chain Barding Armor
32:57 Elite Skirmisher
34:38 Bodkin Arrow
34:59 Leather Archer Armor
36:18 Hoardings
37:04 Ballistics
36:08 Cavalier
38:51 Leather Archer Armor
41:28 Hand Cart
41:04 Town Watch
42:30 Paladin
44:12 Chivalry
50:24 Blast Furnace
49:44 Chain Barding Armor
Connection lost

Rejoining the realm…

Still unreachable

The connection could not be restored.

Session expired

The server has moved on; the page needs a fresh start.